 Dungeon Crawl Stone Soup version 0.24.1 (webtiles) character file.

Game seed: 1101072021223033510, levelgen mode: deterministic

82 Peloso the Shield-Bearer (level 4, -1/40 HPs)
             Began as a Minotaur Fighter on Apr 7, 2020.
             Was an Initiate of Okawaru.
             Slain by an adder (2 damage)
             ... on level 1 of the Dungeon.
             The game lasted 00:03:58 (1314 turns).

Peloso the Shield-Bearer (Minotaur Fighter)         Turns: 1314, Time: 00:04:00

Health: -1/40      AC: 11    Str: 20    XL:     4   Next: 21%
Magic:  3/3        EV:  4    Int:  5    God:    Okawaru [......]
Gold:   83         SH:  9    Dex: 11    Spells: 3/3 levels left

rFire    . . .     SeeInvis .   i - -3 mace (curse)
rCold    . . .     Gourm    .   c - +0 shield
rNeg     . . .     Faith    .   j - +0 plate armour
rPois    .         Spirit   .   (helmet restricted)
rElec    .         Reflect  .   (no cloak)
rCorr    .         Harm     .   (no gloves)
MR       .....                  (no boots)
Stlth    ..........             (no amulet)
HPRegen  0.13/turn              (no ring)
MPRegen  0.08/turn              (no ring)

@: no status effects
A: retaliatory headbutt, horns 2
a: Renounce Religion


You were on level 1 of the Dungeon.
You worshipped Okawaru.
Okawaru was noncommittal.
You were hungry.

You visited 1 branch of the dungeon, and saw 2 of its levels.

You collected 83 gold pieces.

Inventory:

Hand Weapons
 a - a +1 long sword
 i - a cursed -3 mace (weapon)
Armour
 b - a +0 scale mail
 c - a +0 shield (worn)
 j - a +0 plate armour (worn)
Scrolls
 e - 2 scrolls of enchant weapon
 g - a scroll of fog {unknown}
Potions
 d - a potion of might
 h - a potion of mutation {unknown}
Comestibles
 f - 2 rations


   Skills:
 + Level 4.1 Fighting
 + Level 3.5 Long Blades
 + Level 1.2 Maces & Flails
 + Level 4.0 Armour
 + Level 4.6 Shields


You had 3 spell levels left.
You didn't know any spells.
Your spell library was empty.

Dungeon Overview and Level Annotations

Branches:
Dungeon (2/15)

Altars:
Okawaru


Innate Abilities, Weirdness & Mutations

You reflexively headbutt those who attack you in melee.
You have a pair of horns on your head.


Message History

* * * LOW HITPOINT WARNING * * *
The adder bites you but does no damage.
Your shield and plate armour prevent you from hitting the adder.
You headbutt the adder!
The adder is severely wounded.
The adder bites you but does no damage.
You barely miss the adder. Your headbutt misses the adder.
The adder is severely wounded.
You block the adder's attack. x2
Your plate armour prevents you from hitting the adder.
The adder is severely wounded.
The adder bites you but does no damage. The adder bites you.
* * * LOW HITPOINT WARNING * * *
You barely miss the adder.
The adder is severely wounded.
The adder bites you but does no damage. You block the adder's attack.
You miss the adder.
The adder is severely wounded.
You block the adder's attack. The adder bites you.
You die...

#......######### ######
#..............# #...##
#..............# #...##
######.........##########...##
#..................'.....
#.........##########...##
#.........# #...##
#......S..###############
######.......@................
#.........####################
#.........# #.........#
#.........# ###.....###
#.....# #.....# #.....#
#######


You could see an adder.

Vanquished Creatures
  2 adders
  3 oozes
  A dart slug (D:1)
  A leopard gecko (D:1)
  2 orcs (D:2)
  5 bats
  3 giant cockroaches
  3 goblins (D:1)
  4 hobgoblins
  7 jackals
  8 frilled lizards
  4 kobolds
  5 rats
48 creatures vanquished.

Notes
Turn   | Place    | Note
-------+----------+-------------------------------------------
     0 | D:1      | Peloso the Minotaur Fighter began the quest for the Orb.
     0 | D:1      | Reached XP level 1. HP: 19/19 MP: 0/0
   101 | D:1      | Reached XP level 2. HP: 19/27 MP: 1/1
   106 | D:1      | Found an iron altar of Okawaru.
   117 | D:1      | Became a worshipper of Warmaster Okawaru
   523 | D:1      | Reached XP level 3. HP: 32/33 MP: 2/2
   908 | D:2      | Noticed an orc warrior
   929 | D:2      | Reached skill level 1 in Maces & Flails
   929 | D:2      | Reached XP level 4. HP: 22/40 MP: 3/3
  1312 | D:1      | HP: 1/40 [adder (3)]
  1314 | D:1      | Slain by an adder

Levels and vault maps discovered:
D:1:      wander_arrival_chamber, layout_basic, okawaru_ov_weapons_minmay
D:2:      layout_rooms, minmay_lizard_pond

Skill      XL: |  1  2  3 |
---------------+----------+-----
Shields        | 4 |  4.6
Long Blades    | 3 |  3.5
Fighting       | 4 |  4.1
Armour         | 4 |  4.0
Maces & Flails | 1 |  1.2

Action                   |  1- 3 |  4- 6 || total
-------------------------+-------+-------++-------
Melee: Long sword        |    44 |       ||    44
       Headbutt          |    22 |     1 ||    23
       Mace              |    77 |    15 ||    92
  Use: Scroll            |     2 |       ||     2
       Potion            |     1 |       ||     1
  Eat: Chunk             |       |     1 ||     1
Armor: Scale mail        |    57 |       ||    57
       Plate armour      |    23 |    15 ||    38
Dodge: Dodged            |    47 |     5 ||    52
Block: Shield            |    72 |    16 ||    88
       Rpst.: Long sword |     5 |       ||     5
